 Dungeon Crawl Stone Soup version 0.31-a0-79-g9ec6622867 (webtiles) character file.

Game seed: 4911167256963208871

856 Kenran the Cleaver (level 7, -8/51 HPs)
             Began as a Vampire Fighter on May 24, 2023.
             Was a Priest of Okawaru.
             Mangled by an orc warrior
             ... wielding a +0 flail
              (10 damage)
             ... on level 5 of the Dungeon.
             The game lasted 00:05:04 (4005 turns).

Kenran the Cleaver (Vampire Fighter)                Turns: 4005, Time: 00:05:05

Health: -8/51      AC:  6    Str: 17    XL:     7   Next: 70%
Magic:  7/7        EV:  9    Int: 11    God:    Okawaru [***...]
Gold:   270        SH:  4    Dex: 13    Spells: 6/6 levels left

rFire   . . .        a - +0 war axe
rCold   . . .        c - +0 buckler
rNeg    . . .        b - +0 scale mail
rPois   .            (no helmet)
rElec   .            (no cloak)
rCorr   .            (no gloves)
SInv    +            (no boots)
Will    .....        (no amulet) Stlth
                     (no ring)
HPRegen 0.48/turn    (no ring)
MPRegen 0.10/turn

%: no passive effects
@: healing quickly, invisible
A: alive, fangs 3, see invisible, vampiric 2
a: Exsanguinate, Renounce Religion, Heroism


You were on level 5 of the Dungeon.
You worshipped Okawaru.
Okawaru was most pleased with you.
You visited 2 branches of the dungeon, and saw 6 of its levels.

You collected 270 gold pieces.

Inventory:

Hand Weapons
 a - a +0 war axe (weapon)
Missiles
 f - 3 atropa-tipped darts (quivered)
Armour
 b - a +0 scale mail (worn)
 c - a +0 buckler (worn)
Jewellery
 p - a ring of fire
 u - a +4 ring of protection
Wands
 m - a wand of quicksilver (5)
Scrolls
 i - 2 scrolls of teleportation
 k - a scroll of fear {unknown}
 l - a scroll of butterflies {unknown}
 n - a scroll of enchant weapon {unknown}
 q - 3 scrolls of identify {unknown}
 s - a scroll of magic mapping {unknown}
 t - a scroll of torment {unknown}
Potions
 d - a potion of might
 e - a potion of cancellation {unknown}
 h - a potion of lignification {!q}
 j - a potion of haste {unknown}
 o - a potion of attraction {unknown}
 r - 2 potions of heal wounds {unknown}


   Skills:
 - Level 2.6 Fighting
 + Level 8.2 Axes
 - Level 2.4 Armour
 - Level 2.6 Shields


You had 6 spell levels left.
You didn't know any spells.
Your spell library contained the following spells:

 Spells                   Type           Power      Damage    Failure   Level
 Freeze                   Ice            0%         1d3       83%         1
 Cigotuvi's Dreadful Rot  Necr/Pois/Air  0%         N/A       93%         2
 Frozen Ramparts          Ice            0%         1d1       99%         3
 Hailstorm                Conj/Ice       0%         3d3       99%         3
 Ignite Poison            Fire/Tmut/Pois 0%         N/A       99%         3
 Inner Flame              Hex/Fire       0%         N/A       99%         3
 Freezing Cloud           Conj/Ice/Air   0%         6-21      100%        5
 Yara's Violent Unravell  Hex/Tmut       0%         3d3       100%        5
 Enfeeble                 Hex            0%         N/A       100%        7


Dungeon Overview and Level Annotations

Branches:
Dungeon (5/15)             Temple (1/1) D:4

Altars:
Fedhas
Okawaru
Ru
Xom


Innate Abilities, Weirdness & Mutations

Your natural rate of healing is accelerated.
You have razor-sharp teeth.
You have supernaturally acute eyesight. (SInv)
You are afflicted with vampirism and can become a bat while bloodless.


Message History

The orc warrior is moderately wounded.
You barely miss the orc. The orc hits you but does no damage.
The orc warrior hits you but does no damage.
You barely miss the orc warrior.
The orc warrior is moderately wounded.
You slash the orc!
You kill the orc!
Okawaru accepts your kill.
You closely miss the orc. The orc closely misses you.
The orc warrior hits you with a +0 flail! x2
The orc barely misses you.
You are too injured to fight recklessly!
You hit the orc warrior.
The orc warrior is heavily wounded.
You hit the orc but do no damage. The orc hits you with a +0 short sword.
The orc warrior hits you with a +0 flail!
You closely miss the orc warrior.
The orc warrior is heavily wounded.
You hit the orc.
The orc warrior hits you with a +0 flail!
* * * LOW HITPOINT WARNING * * *
You block the orc's attack.
You hit the orc warrior but do no damage.
The orc warrior is heavily wounded.
You hit the orc. The orc barely misses you.
The orc warrior hits you but does no damage.
You fade into invisibility!
The orc barely misses you. The orc warrior barely misses you.
You barely miss the orc warrior. Your bite misses the orc warrior.
The orc warrior is heavily wounded.
You slash the orc!
You kill the orc!
Okawaru accepts your kill.
The orc warrior hits you with a +0 flail.
* * * LOW HITPOINT WARNING * * *
You hit the orc warrior but do no damage.
You bite the orc warrior, but do no damage.
The orc warrior is heavily wounded.
The orc warrior hits you with a +0 flail!
You die...

### #.. ##### #.# #...#
#.# #...# #.#
###...####.### ##
.........>.#.. .#
##.##......#.######.#
#.........#....@.#.##.#
#..#......#....o))$...#
##..#..##.##...#..#.####
.)................#.#
##..........(.#####.#
#<######[........ .#
##.. ....######## ##
.#........# #........#


You could see an orc warrior (unable to see you).

Vanquished Creatures
  Sigmund (D:2)
  Edmund (D:5)
  An ice beast (D:5)
  2 scorpions (D:4)
  A hound (D:4)
  3 iguanas (D:5)
  2 orc wizards (D:5)
  7 adders
  4 gnolls
  A white imp (D:5)
  2 worms
  A dart slug (D:2)
  5 orcs (D:5)
  8 bats
  6 endoplasms
  2 giant cockroaches
  7 goblins
  6 hobgoblins
  3 jackals (D:3)
  7 kobolds
  6 quokkas
  8 ball pythons
  6 rats
90 creatures vanquished.

Notes
Turn   | Place    | Note
-------+----------+-------------------------------------------
     0 | D:1      | Kenran the Vampire Fighter began the quest for the Orb.
     0 | D:1      | Reached XP level 1. HP: 17/17 MP: 1/1
   109 | D:1      | Reached skill level 2 in Axes
   208 | D:1      | Reached XP level 2. HP: 23/23 MP: 2/2
   254 | D:1      | Found a faded altar of an unknown god.
   296 | D:1      | Prayed at the altar of an unknown god.
   296 | D:1      | Became a worshipper of Warmaster Okawaru
   296 | D:1      | Reached * piety under Okawaru
   841 | D:2      | Reached skill level 3 in Axes
   900 | D:2      | Noticed Sigmund
   925 | D:2      | Killed Sigmund
   925 | D:2      | Reached ** piety under Okawaru
   926 | D:2      | Reached skill level 5 in Axes
   926 | D:2      | Gained mutation: You are afflicted with vampirism and can
                  | become a bat while bloodless. [Vampire growth]
   926 | D:2      | Reached XP level 3. HP: 10/28 MP: 3/3
   926 | D:2      | Reached XP level 4. HP: 13/34 MP: 4/4
   926 | D:2      | Reached XP level 5. HP: 14/39 MP: 5/5
  1025 | D:2      | Reached *** piety under Okawaru
  1967 | D:2      | HP: 2/58 [gnoll/+1 flail of protection (11)]
  1973 | D:2      | Reached XP level 6. HP: 11/46 MP: 6/6
  2154 | D:3      | Reached skill level 6 in Axes
  2469 | D:4      | Found a staircase to the Ecumenical Temple.
  2489 | Temple   | Entered the Ecumenical Temple
  3492 | D:5      | Entered Level 5 of the Dungeon
  3498 | D:5      | Reached skill level 7 in Axes
  3498 | D:5      | Reached XP level 7. HP: 29/51 MP: 7/7
  3854 | D:5      | Noticed Edmund
  3877 | D:5      | Killed Edmund
  3878 | D:5      | Reached skill level 8 in Axes
  4004 | D:5      | HP: 2/51 [orc warrior/+0 flail (5)]
  4005 | D:5      | Mangled by an orc warrior

Illustrated notes

Levels and vault maps discovered:
D:1:      dpeg_arrival_prison, layout_basic,
          chequers_ecumenical_altar_simple_redux
D:2:      layout_loops_ring, corexii_leaking_fountain, uniq_sigmund
D:3:      layout_basic, serial_bayou_ford_a
D:4:      old_forge, layout_layer_cave, minmay_temple_entry_offerings
D:5:      layout_basic, uniq_menkaure, uniq_edmund
Temple:   nicolae_temple_ecumenical_triangle

Skill      XL: |  1  2  3  4  5  6  7 |
---------------+----------------------+-----
Axes           | 2 5 7 8 |  8.2
Fighting       | |  2.6
Armour         | |  2.4
Shields        | |  2.6

Action                     |  1- 3 |  4- 6 |  7- 9 || total
---------------------------+-------+-------+-------++-------
  Melee: War axe           |    60 |   161 |    63 ||   284
         Bite              |     2 |     9 |     7 ||    18
    Use: Potion            |     1 |     3 |     4 ||     8
         Scroll            |       |     1 |       ||     1
   Stab: Invisible         |       |       |     2 ||     2
 Armour: Scale mail        |    20 |    74 |    11 ||   105
         Skin              |       |     7 |     8 ||    15
  Dodge: Dodged            |    27 |    68 |    15 ||   110
  Block: Buckler           |    12 |    38 |     7 ||    57

Table legend: (Time is in decaauts)
 A = Elapsed time spent in this place.
 B = Non-inter-level travel time spent in this place.
 C = Inter-level travel time spent in this place.
 D = Time resting spent in this place.
 E = Time spent auto-exploring this place.
 F = Levels seen in this place.
 G = Mean time per level.
                   A        B        C        D        E       F      G
               +--------+--------+--------+--------+--------+-----+--------+
         Total |   4093 |   3945 |    148 |    503 |   2686 |   6 |  682.2 |
       Dungeon |   4083 |   3939 |    144 |    503 |   2686 |   5 |  816.6 |
        Temple |      9 |      5 |      4 |      0 |      0 |   1 |    9.0 |
               +--------+--------+--------+--------+--------+-----+--------+

Top non-repeatable levels by time:
     D:4: 1127 daAuts
     D:1: 852 daAuts
     D:2: 834 daAuts
     D:3: 745 daAuts
     D:5: 523 daAuts
  Temple: 9 daAuts
